 Dungeon Crawl Stone Soup version 0.32-a0-921-g04a7ad8e02 (webtiles) character file.

Game seed: 6401451429354876834

1131821 Konar the Ex Machina (level 27, -1/199 HPs)
             Began as a Coglin Hunter on Apr 11, 2024.
             Was a High Priest of Hepliaklqana.
             Slain by a nargun (10 damage)
             ... while petrified by a nargun
             ... on level 4 of Cocytus.
             The game lasted 02:31:10 (87426 turns).

Konar the Ex Machina (Coglin Hunter)               Turns: 87426, Time: 02:31:11

Health: -1/199     AC: 15    Str: 18    XL:     27
Magic:  41/41      EV:  2    Int: 14    God:    Hepliaklqana [*****.]
Gold:   10774      SH:  0    Dex: 43    Spells: 57/73 levels left

rFire   + + +        f - +9 hand cannon (flame) {Harkiran}
rCold   + . .        e - +3 hand cannon of Irksome Duty {flame, rF++ MP-9 Dex+8 Stlth+}
rNeg    + + +        o - +3 robe of Clouds {*Thunder rCloud rElec}
rPois   ∞            s - +2 helmet {SInv}
rElec   +            d - scarf "Ledeur" {rC+ rF+, rPois Will- Dex+4}
rCorr   .            A - +0 pair of gloves "Earthly Heaven" {rPois Str+2 Slay+2 SInv}
SInv    +            l - +1 pair of boots of the Game of Kings {Dex+5}
Will    +....        (amulet unavailable)
Stlth   ++++         (ring unavailable)
HPRegen 0.53/turn    (ring unavailable)
MPRegen 0.27/turn    x - ablative transmogrifier {RevParry, Will+ Slay+3}

%: no passive effects
@: petrified, weak-willed, studying Axes, unable to drink, revving
A: reduced essence, off-hand wielding, slow wielding, warmup strikes, no
jewellery, iridescent scales 1, clever 1, frail 1, sense surroundings 1,
screaming 1, strong 1, wild magic 1
}: 11/15 runes: serpentine, barnacled, slimy, silver, obsidian, abyssal,
demonic, glowing, magical, fiery, dark
a: Renounce Religion, Recall Ancestor, Ancestor Identity, Transference, Idealise


You were on level 4 of Cocytus.
You worshipped Hepliaklqana.
Hepliaklqana was extremely pleased with you.
You visited 15 branches of the dungeon, and saw 68 of its levels.
You visited Pandemonium 4 times, and saw 23 of its levels.
You visited the Abyss 4 times.
You visited 1 bazaar.
You also visited: Trove, Gauntlet and Wizlab.

You collected 16378 gold pieces.
You spent 5604 gold pieces at shops.

Inventory:

Hand Weapons
 e - the +3 hand cannon of Irksome Duty (offhand) {flame, rF++ MP-9 Dex+8 Stlth+}
   (You acquired it on level 2 of the Dungeon)

   Dex+8:     It affects your dexterity (+8).
   rF++:      It greatly protects you from fire.
   MP-9:      It affects your magic capacity (-9).
   Stlth+:    It makes you more stealthy.
 f - a +9 hand cannon of flaming (weapon) {Harkiran}
 H - a +9 heavy hand cannon {Nittaya}
 K - a +6 hand cannon of freezing {Charoen}
Armour
 a - the +0 robe "Xoqef" {rF+ rN+ rCorr Dex+2}
   (You found it on level 4 of the Dungeon)

   Dex+2:     It affects your dexterity (+2).
   rF+:       It protects you from fire.
   rN+:       It protects you from negative energy.
   rCorr:     It protects you from acid and corrosion.
 d - the scarf "Ledeur" (worn) {rC+ rF+, rPois Will- Dex+4}
   (You found it in a treasure trove)

   Dex+4:     It affects your dexterity (+4).
   rPois:     It protects you from poison.
   Will-:     It decreases your willpower.
 g - the +7 faerie dragon scales {rCorr Dex+4 Stlth+}
   (You took it off the Enchantress on level 4 of the Depths)

   Dex+4:     It affects your dexterity (+4).
   rCorr:     It protects you from acid and corrosion.
   Stlth+:    It makes you more stealthy.
 l - the +1 pair of boots of the Game of Kings (worn) {Dex+5}
   (You found it in a treasure trove)

   Dex+5:     It affects your dexterity (+5).
 o - the +3 robe of Clouds (worn) {*Thunder rCloud rElec}
   (You took it off a Cloud Mage in a wizard's laboratory)

   *Thunder:  It occasionally creates storm clouds above nearby enemies.
   rCloud:    It grants its wearer immunity to clouds.
   rElec:     It insulates you from electricity.
 s - a +2 helmet of see invisible (worn)
 v - the +0 cloak of Farydoam {Dex+3}
   (You found it in a treasure trove)

   Dex+3:     It affects your dexterity (+3).
 A - the +0 pair of gloves "Earthly Heaven" (worn) {rPois Str+2 Slay+2 SInv}
   (You acquired it on level 2 of the Vaults)

   Str+2:     It affects your strength (+2).
   Slay+2:    It affects your accuracy & damage with ranged weapons and melee
   (+2).
   rPois:     It protects you from poison.
   SInv:      It lets you see invisible.
 W - the +0 robe "Tiheiw" {rN++ Dex+2}
   (You found it in Pandemonium)

   Dex+2:     It affects your dexterity (+2).
   rN++:      It greatly protects you from negative energy.
Gizmo
 x - an ablative transmogrifier (installed) {RevParry, Will+ Slay+3}
   (You invented it yourself on level 4 of the Lair of Beasts)

   [ablative transmogrifier]

   RevParry:  Your AC increases as you Rev (up to +5) and while fully Revved,
   your attacks may disarm enemies.
   Slay+3:    It affects your accuracy & damage with ranged weapons and melee
   (+3).
   Will+:     It increases your willpower.
Wands
 r - a wand of acid (36)
 B - a wand of warping (106)
 I - a wand of paralysis (84)
 Y - a wand of polymorph (25)
 Z - a wand of digging (19)
Scrolls
 b - 12 scrolls of revelation
 i - 8 scrolls of immolation
 m - a scroll of enchant weapon
 n - 28 scrolls of teleportation
 q - 13 scrolls of blinking
 y - 10 scrolls of enchant armour
 F - a scroll of brand weapon
 G - 6 scrolls of butterflies
 J - 11 scrolls of fear
 M - 13 scrolls of fog
 P - 13 scrolls of poison
 R - 10 scrolls of amnesia
 T - 6 scrolls of silence
 U - 9 scrolls of vulnerability
Miscellaneous
 c - a phantom mirror
 u - a box of beasts
 L - a condenser vane
 S - a lightning rod (4/4)
 V - the horn of Geryon


   Skills:
 O Level 27 Fighting
 + Level 24.4 Ranged Weapons
 O Level 27 Dodging
 - Level 0.7 Stealth
 * Level 23.6 Spellcasting
 * Level 26.4 Translocations
 - Level 10.0 Invocations
 O Level 27 Evocations


You had 57 spell levels left.
You knew the following spells:

 Your Spells              Type           Power      Damage    Failure   Level
a - Blink                 Tloc           100%       N/A       1%          2
b - Dispersal             Tloc           43%        N/A       1%          6
c - Disjunction           Tloc           43%        N/A       1%          8

Your spell library contained the following spells:

 Spells                   Type           Power      Damage    Failure   Level
 Apportation              Tloc           100%       N/A       1%          1
 Lesser Beckoning         Tloc           100%       N/A       1%          2
 Momentum Strike          Conj/Tloc      100%       3d10      1%          2
 Maxwell's Portable Pile  Tloc           87%        2d(13-39) 1%          3
 Teleport Other           Tloc           87%        N/A       1%          3
 Volatile Blastmotes      Fire/Tloc      100%       2d18      1%          3
 Dimensional Bullseye     Hex/Tloc       31%        N/A       1%          4
 Iskenderun's Mystic Bla  Conj/Tloc      62%        2d13      (+2d71%     4
 Passage of Golubria      Tloc           87%        N/A       1%          4
 Vhi's Electric Charge    Tloc/Air       100%       N/A       1%          4
 Summon Forest            Summ/Tloc      31%        N/A       1%          5
 Gell's Gavotte           Tloc           43%        2d(31-46) 1%          6
 Freeze                   Ice            84%        1d9       4%          1
 Kiss of Death            Conj/Necr      84%        2d11      4%          1
 Magic Dart               Conj           84%        1d7       4%          1
 Necrotise                Necr           84%        1d8       4%          1
 Shock                    Conj/Air       84%        1d8       4%          1
 Slow                     Hex            84%        N/A       4%          1
 Sting                    Conj/Alch      84%        1d8       4%          1
 Summon Small Mammal      Summ           84%        N/A       4%          1
 Call Imp                 Summ           42%        N/A       7%          2
 Ensorcelled Hibernation  Hex/Ice        42%        N/A       7%          2
 Jinxbite                 Hex            42%        N/A       7%          2
 Mercury Vapours          Alch/Air       42%        N/A       7%          2
 Searing Ray              Conj           42%        2d6       7%          2
 Static Discharge         Conj/Air       42%        3-5/arc   7%          2
 Sublimation of Blood     Necr           21%        N/A       7%          2
 Call Canine Familiar     Summ           21%        N/A       12%         3
 Confusing Touch          Hex            21%        N/A       12%         3
 Dazzling Flash           Conj/Hex       42%        N/A       12%         3
 Frozen Ramparts          Ice            42%        1d7       12%         3
 Fugue of the Fallen      Necr           21%        N/A       12%         3
 Hailstorm                Conj/Ice       21%        3d7       12%         3
 Inner Flame              Hex/Fire       21%        N/A       12%         3
 Mephitic Cloud           Conj/Alch/Air  21%        N/A       12%         3
 Ozocubu's Armour         Ice            21%        N/A       12%         3
 Passwall                 Erth           21%        N/A       12%         3
 Sigil of Binding         Hex            21%        N/A       12%         3
 Stone Arrow              Conj/Erth      42%        3d9       12%         3
 Summon Ice Beast         Ice/Summ       21%        N/A       12%         3
 Swiftness                Air            21%        N/A       12%         3
 Tukima's Dance           Hex            21%        N/A       12%         3
 Vampiric Draining        Necr           21%        2d7       12%         3
 Malign Gateway           Summ/Tloc      31%        N/A       14%         7
 Airstrike                Air            10%        2d(2-18)  34%         4
 Anguish                  Hex/Necr       10%        N/A       34%         4
 Animate Armour           Summ/Erth      42%        N/A       34%         4
 Animate Dead             Necr           21%        N/A       34%         4
 Brom's Barrelling Bould  Conj/Erth      21%        2d4       34%         4
 Cause Fear               Hex            10%        N/A       34%         4
 Dispel Undead            Necr           21%        3d11      34%         4
 Flame Wave               Conj/Fire      21%        2d8       34%         4
 Fulminant Prism          Conj/Alch      10%        3d9       34%         4
 Ignite Poison            Fire/Alch      21%        N/A       34%         4
 Leda's Liquefaction      Alch/Erth      10%        N/A       34%         4
 Olgreb's Toxic Radiance  Alch           21%        N/A       34%         4
 Petrify                  Alch/Erth      21%        N/A       34%         4
 Sticky Flame             Fire/Alch      21%        2d6       34%         4
 Summon Blazeheart Golem  Fire/Summ      21%        N/A       34%         4
 Summon Lightning Spire   Summ/Air       21%        N/A       34%         4
 Alistair's Intoxication  Alch           14%        N/A       67%         5
 Arcjolt                  Conj/Air       10%        1d20      67%         5
 Borgnjor's Vile Clutch   Necr/Erth      10%        N/A       67%         5
 Curse of Agony           Necr           21%        N/A       67%         5
 Fireball                 Conj/Fire      10%        3d6       67%         5
 Freezing Cloud           Conj/Ice/Air   10%        6-21      67%         5
 Irradiate                Conj/Alch      10%        3d15      67%         5
 Iskenderun's Battlesphe  Conj           21%        2d7       67%         5
 Metabolic Englaciation   Hex/Ice        10%        N/A       67%         5
 Silence                  Hex/Air        10%        N/A       67%         5
 Summon Mana Viper        Hex/Summ       21%        N/A       67%         5
 Yara's Violent Unravell  Hex/Alch       10%        3d6       67%         5
 Bombard                  Conj/Erth      10%        9d3       99%         6
 Conjure Ball Lightning   Conj/Air       10%        3x3d6     99%         6
 Death Channel            Necr           10%        N/A       99%         6
 Eringya's Noxious Bog    Alch           10%        4d6       99%         6
 Plasma Beam              Fire/Air       10%        2x1d21    99%         6
 Starburst                Conj/Fire      10%        6d5       99%         6
 Summon Cactus Giant      Summ           10%        N/A       99%         6
 Enfeeble                 Hex            10%        N/A       100%        7
 Monstrous Menagerie      Summ           10%        N/A       100%        7
 Orb of Destruction       Conj           10%        9d6       100%        7
 Ozocubu's Refrigeration  Ice            10%        4d9       100%        7
 Spellforged Servitor     Conj/Summ      10%        N/A       100%        7
 Summon Hydra             Summ           10%        N/A       100%        7
 Borgnjor's Revivificati  Necr           10%        N/A       100%        8
 Discord                  Hex            10%        N/A       100%        8
 Ignition                 Fire           10%        3d5       100%        8
 Infestation              Necr           10%        N/A       100%        8
 Lehudib's Crystal Spear  Conj/Erth      10%        10d4      100%        8
 Maxwell's Capacitive Co  Air            10%        ∞         100%        8
 Summon Horrible Things   Summ           10%        N/A       100%        8
 Chain Lightning          Conj/Air       10%        3d14      100%        9
 Death's Door             Necr           10%        N/A       100%        9
 Dragon's Call            Summ           10%        N/A       100%        9
 Fire Storm               Conj/Fire      10%        8d3       100%        9
 Shatter                  Erth           10%        3d12*     100%        9


Dungeon Overview and Level Annotations

Branches:
Dungeon (15/15)            Temple (1/1) D:5            Lair (5/5) D:10
 Shoals (4/4) Lair:3        Snake (4/4) Lair:2        Slime (5/5) Lair:4
    Orc (2/2) D:10            Elf (3/3) Orc:2        Vaults (5/5) D:14
  Crypt (3/3) Vaults:2       Tomb (0/3) Crypt:3      Depths (4/4) D:15
   Hell (visited)             Dis (0/7) Hell            Geh (7/7) Hell
    Coc (4/7) Hell            Tar (0/7) Hell            Zot (5/5) Depths:4
 WizLab (visited)         Gauntlet (visited)

Altars:
Ashenzari
Cheibriados
Dithmenos
Elyvilon
Fedhas
Gozag
Hepliaklqana
Kikubaaqudgha
Makhleb
Nemelex Xobeh
Okawaru
Qazlal
Ru
Sif Muna
Trog
Uskayaw
Vehumet
Wu Jian
Xom
Yredelemnul
Zin
The Shining One
Beogh
Jiyva

Shops:
D:6 !*:   D:7 *   Orc:2 (:[*   Elf:1 (**   Elf:2 =   Elf:3 ?*?[(   Snake:3 ::=
Vaults:5 !!![[[   Crypt:2 *   Depths:1 *   Depths:2 =

Portals:
Hell: Depths:1 Depths:2 Depths:3 Depths:4
Abyss: Depths:3
Pandemonium: Depths:2 Depths:3
Ziggurat: Depths:1

Annotations:
D:8 1 runed translucent door, Konar's ghost, journeyman CoHu
Snake:1 6 transporters
Elf:1 1 runed translucent door, Umeapios's ghost, veteran OpFE
Elf:2 1 runed translucent door
Vaults:3 2 transporters, Fauhuump's ghost, adept TeAE


Innate Abilities, Weirdness & Mutations

Your life essence is reduced to manifest your ancestor. (-10% HP)
You can wield a second weapon in your off-hand.
It takes a long time for you to wield or remove held weapons.
Your first few attacks do less damage.
You cannot equip rings or amulets.
You are partially covered in iridescent scales. (AC +2)
Your mind is acute. (Int +4, Str/Dex -1)
You are frail. (-10% HP)
You passively map a small area around you.
You occasionally shout uncontrollably at your foes.
Your muscles are strong. (Str +4, Int/Dex -1)
Your spells are a little harder to cast, but a little more powerful.


Message History

The golden dragon simulacrum bites you!
The golden dragon simulacrum freezes you!
You resist.
* * * LOW HITPOINT WARNING * * *
The golden dragon simulacrum claws you.
* * * LOW HITPOINT WARNING * * *
The golden dragon simulacrum freezes you!!
You resist.
* * * LOW HITPOINT WARNING * * *
The golden dragon simulacrum tramples you.
* * * LOW HITPOINT WARNING * * *
You hold your ground!
The nargun is engulfed in a thunderstorm.
The nargun hits you!!
* * * LOW HITPOINT WARNING * * *
Your willpower is stripped away!
The nargun splashes around in the water.
Arma is engulfed in freezing vapours.
Arma hits the Ice Fiend with a +0 lajatang of freezing!!
Arma is engulfed in freezing vapours.
Arma hits the Ice Fiend with a +0 lajatang of freezing!!
The Ice Fiend dies!
The nargun hits you.
* * * LOW HITPOINT WARNING * * *
The nargun splashes around in the water.
Storm clouds gather above the golden dragon simulacrum.
The golden dragon simulacrum is engulfed in a thunderstorm.
The golden dragon simulacrum bites you!!
* * * LOW HITPOINT WARNING * * *
The golden dragon simulacrum freezes you!
You resist.
* * * LOW HITPOINT WARNING * * *
The golden dragon simulacrum claws you but does no damage.
The golden dragon simulacrum tramples you.
* * * LOW HITPOINT WARNING * * *
You hold your ground!
The nargun is engulfed in a thunderstorm.
The nargun hits you!!
You die...
Hepliaklqana delivers you to your ancestors.

*
**##########
~ ~
##≈#≈.~≈≈≈≈≈#
#≈≈≈≈≈9@≈≈≈≈#
~,
#.≈.≈.Z≈≈≈#≈#
...~~≈≈≈≈≈≈≈#
...~≈≈R≈≈≈≈≈#
,
..≈≈≈≈≈≈≈≈###
.≈≈≈≈≈§≈≈##~
, ,≈≈≈≈≈≈.≈#.
~
#≈≈#≈.....~~
,


You could see the friendly Arma the battlemage (fast), a nargun (ally target)
and a golden dragon simulacrum.

Vanquished Creatures
  Cerebov (Pan)
  the Royal Jelly (Slime:5)
  Gloorx Vloq (Pan)
  Lom Lobon (Pan)
  Mnoleg (Pan)
  A seraph (Pan)
  9 dread liches
  2 orbs of fire
  7 pandemonium lords (Pan)
  5 ancient liches
  Boris (Elf:3)
  3 Killer Klowns (Zot:5)
  A curse toe (Zot:2)
  Geryon (Hell)
  7 golden dragons
  Nikola (Shoals:2)
  Jory (Depths:2)
  Norris (Elf:2)
  4 bone dragons
  2 doom hounds (Depths:4)
  20 Brimstone Fiends
  2 pearl dragons (Pan)
  16 hellephants
  5 Tzitzimimeh (Pan)
  4 electric golems
  20 tentacled monstrosities
  A Cloud Mage (WizLab)
  3 Hell Sentinels (Pan)
  12 Ice Fiends
  Jorgrun (Snake:1)
  Grunn (Depths:4)
  2 liches
  A deep elf blademaster (Elf:3)
  20 Orb Guardians (Zot:5)
  3 deep elf master archers
  Asterion (Snake:1)
  19 acid blobs
  12 searing wretches
  15 titans
  2 walking frostbound tomes (Pan)
  3 ancient champions
  An eldritch tentacle (Pan)
  24 Executioners (Pan)
  12 death cobs
  4 quicksilver dragons
  Polyphemus (Shoals:4)
  4 sphinxes
  4 tengu reavers (Vaults:5)
  8 shadow dragons
  21 storm dragons
  4 tentacled starspawn
  A draconian monk (Zot:1)
  6 nagarajas
  9 rockslimes
  9 frost giants
  2 iron dragons
  10 daevas (Pan)
  2 fenstrider witches (Pan)
  6 demonspawn warmongers (Pan)
  9 protean progenitors
  6 revenants
  4 narguns
  11 azure jellies
  2 draconian knights
  17 fire giants
  3 draconian shifters
  2 spectral juggernauts (Depths:2)
  3 ghost moths
  A juggernaut zombie (Depths:2)
  3 deep elf sorcerers
  Louise (Elf:2)
  10 vault wardens
  41 balrugs
  3 deep elf elementalists (Elf:3)
  A shard shrike simulacrum (Coc:3)
  4 draconian scorchers
  27 cacodemons
  6 curse skulls
  12 very ugly things
  21 angels (Pan)
  8 draconian stormcallers
  5 draconian annihilators
  A spectral caustic shrike (Depths:2)
  4 quicksilver oozes
  14 ophanim (Pan)
  3 spriggan defenders (Depths:4)
  7 formless jellyfish
  13 stone giants
  3 juggernaut skeletons
  2 orc warlords
  11 ghouls
  15 ironbound preservers
  30 reapers
  8 demonspawn corrupters (Pan)
  9 caustic shrike skeletons (Pan)
  14 demonspawn blood saints (Pan)
  Nessos (Lair:4)
  5 black draconians
  10 green draconians
  2 ironbound thunderhulks (Vaults:2)
  12 vampire knights
  6 elemental wellsprings
  14 demonspawn black suns (Pan)
  16 apis (Pan)
  8 deep elf demonologists
  4 wendigos
  3 deep elf annihilators (Elf:3)
  12 purple draconians
  A minotaur (Gauntlet)
  4 war gargoyles
  5 deep elf death magi
  12 lorocyprocas (Pan)
  10 red draconians
  6 yellow draconians
  13 spark wasps
  12 white draconians
  3 dire elephants (Vaults:1)
  Azrael (Elf:2)
  9 eidola
  43 blizzard demons
  A spectral golden dragon (Depths:2)
  A spectral quicksilver dragon (Crypt:3)
  4 merfolk javelineers (Shoals:4)
  11 ettins
  16 green deaths
  8 fire dragons
  4 deep elf high priests
  8 jiangshi
  6 ice dragons
  10 merfolk impalers
  16 salamander tyrants
  7 hell beasts
  8 great orbs of eyes
  6 ghost crabs (WizLab)
  5 hydras
  6 rakshasas
  13 yaktaur captains
  2 entropy weavers (Vaults:2)
  7 caustic shrike simulacra
  33 vault guards
  A spectral tengu (Depths:2)
  4 juggernaut simulacra
  A bennu zombie (Crypt:1)
  A sphinx zombie (Crypt:2)
  4 ogre magi
  An anaconda (shapeshifter) (Vaults:4)
  2 spriggan air magi
  3 alligator snapping turtles
  15 ironbound frosthearts
  11 centaur warriors
  19 two-headed ogres
  A catoblepas (Shoals:4)
  6 satyrs
  2 death knights (Crypt:2)
  9 anacondas
  4 stokers
  A boulder beetle (D:15)
  25 dancing weapons
  3 peacekeepers
  4 merfolk avatars
  3 death yaks (Shoals:4)
  10 merfolk aquamancers
  A spectral stone giant (Crypt:3)
  6 tengu warriors
  14 demonic crawlers
  2 spectral storm dragons
  26 hell hogs
  9 deep troll earth magi
  A spectral naga (Crypt:3)
  3 deep troll shamans
  8 vampire magi
  17 hell knights
  4 orc high priests
  7 spriggan berserkers
  12 naga sharpshooters
  5 occultists
  15 naga warriors
  51 soul eaters
  4 thrashing horrors
  4 hellephant skeletons (Pan)
  9 deep elf knights
  9 shock serpents
  53 sixfirhies
  3 wretched stars (Abyss:3)
  A skyshark (shapeshifter) (Vaults:5)
  133 sun demons
  25 skeletal warriors
  9 shadow wraiths
  A quicksilver dragon simulacrum (Coc:3)
  A fire crab (Gauntlet)
  A spectral spark wasp (Depths:3)
  6 deep elf archers
  5 iron trolls
  7 skysharks
  A titan skeleton (Hell)
  A bunyip zombie (Crypt:2)
  4 death drakes
  9 cherubim (Pan)
  11 flayed ghosts
  A golden dragon zombie (Depths:2)
  7 mana vipers
  A mana viper (shapeshifter) (Depths:2)
  60 large abominations
  6 arcanists
  A spectral anaconda (Crypt:3)
  4 glowing orange brains
  3 salamander mystics
  17 sea snakes
  4 spriggan simulacra
  36 deep trolls
  23 shadow demons (Pan)
  11 sun moths (Pan)
  22 phantasmal warriors
  15 ironbound convokers
  6 naga ritualists
  A swamp dragon (shapeshifter) (Depths:3)
  A steelbarb worm (shapeshifter) (Vaults:4)
  An obsidian statue (Crypt:2)
  2 orange crystal statues
  A bog body (Crypt:2)
  4 thermic dynamos (Elf:3)
  3 obsidian bats
  11 necromancers
  16 starcursed masses (Abyss:3)
  8 lindwurms
  10 orc knights
  A fenstrider witch simulacrum (Coc:1)
  A golden dragon skeleton (Zot:1)
  16 deep elf pyromancers
  21 deep elf zephyrmancers
  9 fauns (Shoals:3)
  7 cyclopes
  26 harpies
  4 orc sorcerers
  2 wolf spiders
  3 sphinx simulacra (D:15)
  22 moths of wrath
  3 shining eyes
  38 ugly things
  17 manticores
  A jorogumo skeleton (Crypt:3)
  2 worldbinders (Abyss:1)
  An elephant (Lair:5)
  4 spectral spriggans
  4 guardian serpents
  A spectral centaur (Crypt:3)
  10 rust devils
  20 salamanders
  5 kobold blastminers
  3 Executioner simulacra (Pan)
  2 centaur zombies (D:11)
  7 merfolk sirens
  8 water nymphs
  A draconian skeleton (Zot:1)
  A torpor snail (Lair:5)
  10 naga magi
  72 smoke demons
  19 vault sentinels
  6 ice statues
  An eye of devastation (shapeshifter) (Vaults:4)
  2 centaur skeletons (D:11)
  33 black mambas
  34 orange demons
  An alligator snapping turtle zombie (Crypt:1)
  A mana viper zombie (Crypt:2)
  A titan simulacrum (Coc:3)
  17 molten gargoyles
  7 eyes of devastation
  14 cane toads
  A gargoyle (D:11)
  Maggie (D:10)
  A red draconian zombie (Crypt:1)
  19 hellions
  Psyche (D:10)
  27 freezing wraiths
  12 komodo dragons
  28 yaktaurs
  A bunyip simulacrum (Crypt:3)
  6 rime drakes
  17 tormentors
  2 anaconda simulacra
  12 efreet
  4 ancient zymes (Abyss:3)
  A golden dragon simulacrum (Coc:1)
  10 ice devils
  A silent spectre (Abyss:3)
  4 guardian mummies (Crypt:3)
  2 spectral harpies (Crypt:3)
  8 trolls
  7 red devils
  24 merfolk
  30 hellwings
  3 hornets (Depths:4)
  10 wind drakes
  3 polar bears (Lair:5)
  A tengu simulacrum (Vaults:4)
  An alligator simulacrum (Coc:1)
  A fire giant simulacrum (Depths:2)
  10 glass eyes
  A snapping turtle (shapeshifter) (Vaults:4)
  5 dream sheep (Lair:4)
  28 blink frogs
  12 raiju (Abyss:3)
  5 stone giant simulacra
  3 spriggan zombies (D:15)
  A death drake skeleton (Crypt:3)
  16 snapping turtles
  2 ettin skeletons (Abyss:3)
  A meliai zombie (D:11)
  27 water elementals
  2 centaur simulacra
  A culicivora (shapeshifter) (Elf:2)
  97 slime creatures
  6 spriggans
  A shadow (Crypt:3)
  17 air elementals
  11 wraiths
  61 ynoxinuls
  A fire dragon skeleton (D:15)
  3 naga simulacra
  7 wyverns
  3 dire elephant simulacra
  2 fire bats (Gauntlet)
  A golden eye (Pan)
  5 alligator snapping turtle simulacra
  4 fire elementals
  5 redbacks
  70 yaks
  A human (D:14)
  2 redbacks (shapeshifter) (Vaults:5)
  A wind drake skeleton (Crypt:1)
  39 neqoxecs
  A steam dragon (Lair:5)
  6 wargs
  14 vampire mosquitoes
  53 chaos spawn
  A demonspawn zombie (Crypt:3)
  3 harpy simulacra
  37 nagas
  2 acid dragons
  14 small abominations
  17 water moccasins
  14 hell hounds
  3 hydra simulacra
  A naga skeleton (Hell)
  28 orc warriors
  27 laughing skulls
  A sky beast (D:7)
  4 ettin simulacra
  12 ogres
  A fire dragon simulacrum (Coc:1)
  9 wolves
  4 boggarts
  4 centaurs
  3 kobold brigands
  A manticore skeleton (Crypt:1)
  2 weeping skulls
  4 earth elementals
  19 bullfrogs
  A scorpion (D:6)
  2 komodo dragon skeletons
  A demonspawn simulacrum (Hell)
  7 wights
  A water moccasin skeleton (Crypt:1)
  5 killer bees
  A raiju zombie (Crypt:3)
  4 howler monkeys
  2 hounds
  14 orc priests
  A bullfrog skeleton (Crypt:2)
  Crazy Yiuf (D:2)
  2 iron imps (Abyss:3)
  A sleepcap (D:5)
  2 iguanas
  18 orc wizards
  9 hell rats (Lair:5)
  A naga zombie (Crypt:3)
  A deep dwarf skeleton (Crypt:3)
  A crocodile skeleton (Crypt:2)
  A howler monkey zombie (Crypt:1)
  4 gnolls (D:5)
  A steam dragon zombie (Crypt:2)
  5 adders
  3 shadow imps
  A white imp (Vaults:4)
  An ufetubus (Abyss:1)
  An iguana skeleton (Crypt:2)
  2 dart slugs (D:1)
  2 ribbon worms
  55 orcs
  4 ball pythons
  6 endoplasms
  3 giant cockroaches
  7 goblins
  8 hobgoblins
  12 jackals
  4 quokkas
  A ball python skeleton (Crypt:2)
  A bat (D:1)
  3 frilled lizards
  21 kobolds
  An orc skeleton (Crypt:2)
  11 rats
  A spectral orc (D:4)
  8 aspiring fleshes
  A ball lightning (Pan)
  A butterfly (Lair:1)
  5 creeping infernos
  11 fire vortices
  A lurking horror (Abyss:3)
  3 starspawn tentacles (Abyss:3)
3639 creatures vanquished.

Vanquished Creatures (collateral kills)
  Asmodeus (Geh:7)
  A dread lich (Vaults:5)
  An ancient lich (Zot:1)
  Mennas (Crypt:1)
  3 orbs of fire (Zot:5)
  7 pandemonium lords (Pan)
  2 shard shrikes (Coc:2)
  Parghit (Depths:3)
  Vv (Crypt:2)
  3 curse toes
  A golden dragon (Zot:1)
  A bone dragon (Abyss:3)
  A Tzitzimitl (Pan)
  8 Brimstone Fiends
  the Enchantress (Depths:4)
  5 Hell Sentinels
  2 Ice Fiends
  5 Orb Guardians (Zot:5)
  3 hellephants
  A quicksilver dragon (Zot:3)
  The ghost of Laziaso the Tortoise, an adept GrFi of Makhleb (Crypt:2)
  2 deep elf blademasters
  2 tentacled starspawn (Abyss:3)
  7 titans
  3 searing wretches
  A deep elf master archer (Depths:3)
  3 acid blobs
  A walking frostbound tome (Pan)
  3 ancient champions
  3 death cobs
  A sphinx (Depths:2)
  7 Executioners (Pan)
  3 shadow dragons
  3 storm dragons
  2 frost giants (Vaults:5)
  A revenant (Crypt:3)
  5 demonspawn warmongers (Pan)
  7 fire giants
  5 daevas (Pan)
  7 rockslimes
  3 draconian knights
  10 balrugs
  A vault warden (Vaults:5)
  A fenstrider witch (Pan)
  6 azure jellies (Slime:5)
  A deep elf sorcerer (Depths:3)
  A draconian shifter (Zot:3)
  2 draconian scorchers
  A ghost moth (Crypt:3)
  A juggernaut zombie (Depths:2)
  A shard shrike simulacrum (Coc:4)
  2 angels (Pan)
  3 reapers
  6 demonspawn corrupters (Pan)
  7 cacodemons
  3 ironbound preservers (Vaults:4)
  3 ophanim (Pan)
  5 very ugly things
  2 ironbound thunderhulks (Vaults:4)
  3 stone giants
  4 demonspawn blood saints (Pan)
  A draconian annihilator (Zot:1)
  An elemental wellspring (Hell)
  A rockslime zombie (Crypt:3)
  3 vampire knights (Hell)
  3 quicksilver oozes (Slime:5)
  8 apis (Pan)
  A green draconian (Zot:5)
  2 demonspawn black suns (Pan)
  A spectral titan (Depths:2)
  2 white draconians
  A purple draconian (Zot:3)
  A deep elf death mage (Elf:3)
  A black draconian (Zot:5)
  A lorocyproca (Pan)
  A wendigo (Coc:3)
  A dire elephant (Vaults:1)
  A red draconian (Zot:4)
  A starcursed mass (Abyss:3)
  2 spark wasps
  An iron golem (Hell)
  2 eidola (Crypt:3)
  An ettin (Depths:1)
  2 crystal guardians
  A jiangshi (Crypt:2)
  2 yaktaur captains (Vaults:5)
  5 blizzard demons (Pan)
  2 merfolk impalers
  A deep elf high priest (Vaults:5)
  A great orb of eyes (Slime:4)
  A caustic shrike simulacrum (Coc:2)
  4 vault guards
  A spectral sphinx (Depths:2)
  3 juggernaut simulacra
  2 stokers
  An ice dragon (Depths:1)
  An ironbound frostheart (Vaults:4)
  2 salamander tyrants
  An ogre mage (Vaults:5)
  A merfolk avatar (Shoals:2)
  2 spriggan air magi
  3 hell beasts
  A jorogumo (Pan)
  An anaconda (Snake:4)
  A centaur warrior (Depths:3)
  2 dancing weapons (Elf:2)
  A death knight (Crypt:3)
  A satyr (Zot:2)
  3 two-headed ogres (Vaults:5)
  3 deep troll earth magi
  A deep troll shaman (Depths:1)
  A merfolk aquamancer (Shoals:4)
  A naga warrior (Snake:2)
  A spectral storm dragon (Crypt:3)
  3 hell hogs
  2 demonic crawlers (Pan)
  2 vampire magi (Crypt:2)
  2 naga sharpshooters
  3 hell knights
  2 spriggans
  A thrashing horror (Abyss:3)
  2 skysharks
  7 soul eaters
  18 sun demons
  A shock serpent (WizLab)
  4 iron trolls
  2 deep elf knights
  A shadow wraith (Hell)
  A deep elf archer (Depths:3)
  14 sixfirhies
  2 skeletal warriors (Crypt:2)
  3 sea snakes (Snake:4)
  2 cherubim (Pan)
  A fire crab (Abyss:3)
  A mana viper (Snake:4)
  A quicksilver dragon simulacrum (Coc:3)
  13 deep trolls
  3 flayed ghosts (Crypt:3)
  A bog body (Crypt:2)
  4 shadow demons (Pan)
  2 arcanists
  A death drake (WizLab)
  A glowing orange brain (Abyss:3)
  3 ironbound convokers
  A phantasmal warrior (Depths:3)
  2 deep elf zephyrmancers (Elf:2)
  A spectral iron dragon (Depths:2)
  A necromancer (Crypt:2)
  4 harpies
  A faun (Shoals:3)
  6 large abominations
  A deep elf pyromancer (Elf:2)
  5 ugly things
  A shining eye (Slime:2)
  A moth of wrath (Zot:1)
  4 manticores
  3 black mambas
  14 slime creatures
  A centaur zombie (Hell)
  An Executioner simulacrum (Pan)
  3 guardian serpents
  A dire elephant zombie (Hell)
  2 eyes of devastation
  A cane toad (Lair:5)
  A merfolk siren (Shoals:3)
  3 naga magi
  6 orange demons
  11 smoke demons
  A centaur skeleton (D:11)
  4 hellions
  2 ice devils (Pan)
  2 komodo dragons (Lair:2)
  7 tormentors
  An anaconda simulacrum (Coc:4)
  3 yaktaurs (Vaults:3)
  3 freezing wraiths
  An ancient zyme (Abyss:3)
  4 hellwings (Pan)
  A troll (Pan)
  3 merfolk
  A hornet (Depths:2)
  A raiju (Abyss:3)
  A blink frog (Lair:3)
  2 wraiths
  A vampire (D:10)
  4 ynoxinuls (Pan)
  4 yaks
  3 air elementals (WizLab)
  2 fire bats (Gauntlet)
  2 water elementals (Depths:3)
  A wyvern (Lair:5)
  A basilisk (Lair:1)
  4 neqoxecs
  A steam dragon (Lair:5)
  2 vampire mosquitoes (D:10)
  4 chaos spawn (Pan)
  3 nagas (Snake:4)
  A harpy simulacrum (Coc:2)
  A small abomination (Elf:3)
  An acid dragon (D:10)
  6 hell hounds
  5 water moccasins
  2 orc warriors
  2 ogres (D:15)
  6 laughing skulls
  A boggart (Vaults:3)
  2 killer bees (D:9)
  3 orc wizards
  A hell rat (Lair:5)
  A shadow imp (D:11)
  A white imp (D:7)
  8 orcs
  2 kobolds (D:7)
  A frilled lizard zombie (Crypt:3)
  A gnoll zombie (Crypt:3)
  A jackal skeleton (Crypt:3)
  2 aspiring fleshes (Zot:4)
  2 ball lightnings (Pan)
  A butterfly (Lair:3)
  A fire vortex (Geh:4)
  A lurking horror (Abyss:3)
572 creatures vanquished.

Vanquished Creatures (others)
  A juggernaut simulacrum (Coc:1)
  2 smoke demons (Pan)
  A titan simulacrum (Coc:1)
  4 hellwings (Pan)
  A chaos spawn (Pan)
  A harpy simulacrum (Coc:1)
  A human (D:5)
  39 battlemagi
  2 ancestors
  9 ball lightnings (Pan)
  A creeping inferno (Geh:4)
  A starspawn tentacle (Abyss:3)
63 creatures vanquished.

Grand Total: 4274 creatures vanquished

Notes
Turn   | Place    | Note
-------+----------+-------------------------------------------
     0 | D:1      | Konar the Coglin Hunter began the quest for the Orb.
     0 | D:1      | Reached XP level 1. HP: 16/16 MP: 1/1
   108 | D:1      | Reached XP level 2. HP: 22/22 MP: 2/2
   344 | D:1      | Reached XP level 3. HP: 27/27 MP: 3/3
   449 | D:1      | Found a faded altar of an unknown god.
   618 | D:2      | Identified 3 scrolls of acquirement
   618 | D:2      | Acquired the +3 hand cannon of Irksome Duty {flame, rF++
                  | MP-9 Dex+8 Stlth+}
   629 | D:2      | Acquired a +2 hand cannon of flaming
   642 | D:1      | Acquired 654 gold pieces
   740 | D:2      | Reached XP level 4. HP: 33/33 MP: 0/4
   789 | D:2      | Reached skill level 5 in Ranged Weapons
   988 | D:2      | Found a runed translucent door.
   989 | D:2      | Noticed Crazy Yiuf
  1213 | D:2      | Killed Crazy Yiuf
  1470 | D:3      | Reached XP level 5. HP: 39/39 MP: 0/5
  1963 | D:4      | Identified the +0 robe "Xoqef" {rF+ rN+ rCorr Dex+2}
  2078 | D:4      | You fall into a shaft and drop 1 floor!
  2078 | D:5      | Entered Level 5 of the Dungeon
  2083 | D:5      | Found a radiant altar of Vehumet.
  2183 | D:4      | Reached XP level 6. HP: 47/47 MP: 0/6
  2326 | D:4      | Found a shimmering altar of Xom.
  2336 | D:4      | Found a shadowy altar of Dithmenos.
  2336 | D:4      | Found a hazy altar of Hepliaklqana.
  2342 | D:4      | Became a worshipper of Hepliaklqana the Forgotten
  2436 | D:4      | Found a basalt altar of Yredelemnul.
  2599 | D:5      | Found a staircase to the Ecumenical Temple.
  2613 | Temple   | Entered the Ecumenical Temple
  2637 | D:5      | Reached XP level 7. HP: 54/54 MP: 0/7
  2815 | D:5      | Found an ancient bone altar of Kikubaaqudgha.
  2815 | D:5      | Noticed a human
  2818 | D:5      | Killed a human
  3076 | D:5      | Reached * piety under Hepliaklqana
  3433 | D:6      | Found Byimnec's General Store.
  3505 | D:6      | Reached skill level 5 in Fighting
  3505 | D:6      | Reached XP level 8. HP: 55/55 MP: 0/8
  3520 | D:6      | Bought a potion of attraction for 42 gold pieces
  3520 | D:6      | Bought a box of beasts for 560 gold pieces
  3621 | D:6      | Reached ** piety under Hepliaklqana
  3622 | D:6      | Remembered your ancestor Arma as a battlemage
  3675 | D:6      | Found Kosois's Distillery.
  3680 | D:6      | Bought a potion of invisibility for 88 gold pieces
  3680 | D:6      | Bought a potion of resistance for 110 gold pieces
  3680 | D:6      | Bought a potion of heal wounds for 55 gold pieces
  3750 | D:6      | Found a glowing golden altar of the Shining One.
  3795 | D:6      | Found a bloodstained altar of Trog.
  3864 | D:6      | Found Boceg's Book Shop.
  4015 | D:7      | Found a snail-covered altar of Cheibriados.
  4080 | D:6      | Bought a potion of mutation for 88 gold pieces
  4113 | D:7      | Reached XP level 9. HP: 63/63 MP: 0/9
  4137 | D:7      | Found a white marble altar of Elyvilon.
  4209 | D:7      | Found Macuomm's Assorted Antiques.
  4455 | D:7      | Bought a scroll labelled ITUAFA JIHA for 26 gold pieces
  4682 | D:8      | Found a runed translucent door.
  4683 | D:8      | Found a shimmering altar of Xom.
  4683 | D:8      | Noticed Konar's ghost (journeyman CoHu)
  4684 | D:8      | Noticed a +1 flail of chaos
  5211 | D:9      | Reached skill level 10 in Ranged Weapons
  5319 | D:9      | Noticed a five-headed hydra
  5323 | D:9      | Noticed a centaur warrior
  5323 | D:9      | Killed a five-headed hydra
  5325 | D:9      | Killed a centaur warrior
  5326 | D:9      | Reached XP level 10. HP: 51/72 MP: 1/10
  5426 | D:9      | Got the Disquisition on Correspondence and Shadows
  5513 | D:9      | Reached *** piety under Hepliaklqana
  5800 | D:10     | Entered Level 10 of the Dungeon
  5817 | D:10     | Noticed Psyche
  5817 | D:10     | Noticed Maggie
  5908 | D:10     | Found a sparkling altar of Nemelex Xobeh.
  6070 | D:10     | Noticed a two-headed ogre
  6074 | D:10     | Killed a two-headed ogre
  6202 | D:10     | Reached XP level 11. HP: 80/80 MP: 2/11
  6228 | D:10     | Found a staircase to the Orcish Mines.
  6298 | D:10     | Found a staircase to the Lair.
  6326 | D:10     | Reached skill level 10 in Fighting
  6354 | D:10     | Killed Maggie
  6363 | D:10     | Found a broken altar of Ashenzari.
  6367 | D:10     | Saw a vision of the Shoals and the Snake Pit.
  6367 | D:10     | Noticed a manticore
  6367 | D:10     | Noticed a merfolk impaler
  6367 | D:10     | Noticed a mana viper
  6367 | D:10     | Noticed a merfolk impaler
  6367 | D:10     | Noticed a merfolk javelineer
  6367 | D:10     | Noticed a salamander
  6367 | D:10     | Noticed an anaconda
  6367 | D:10     | Noticed a mana viper
  6367 | D:10     | Noticed a manticore
  6367 | D:10     | Noticed a salamander
  6367 | D:10     | Noticed a sea snake
  6371 | D:10     | Killed Psyche
  6476 | D:10     | Noticed a two-headed ogre
  6479 | D:10     | Killed a two-headed ogre
  6701 | D:11     | Noticed a manticore
  6703 | D:11     | Killed a manticore
  6906 | D:11     | Noticed a skeletal warrior
  6907 | D:11     | Noticed a skeletal warrior
  6937 | D:11     | Killed a skeletal warrior
  7048 | D:11     | Noticed a skeletal warrior
  7048 | D:11     | Noticed a skeletal warrior
  7048 | D:11     | Noticed a skeletal warrior
  7048 | D:11     | Noticed a manticore
  7095 | Lair:1   | Entered Level 1 of the Lair of Beasts
  7109 | Lair:1   | Reached XP level 12. HP: 90/90 MP: 3/12
  7219 | Lair:1   | Reached **** piety under Hepliaklqana
  7309 | Lair:1   | Reached skill level 15 in Ranged Weapons
  7337 | Lair:1   | Reached skill level 1 in Invocations
  7980 | Lair:2   | Found a staircase to the Snake Pit.
  8178 | Lair:2   | Noticed a five-headed hydra
  8180 | Lair:2   | Killed a five-headed hydra
  8292 | Lair:2   | Reached XP level 13. HP: 97/97 MP: 6/15
  8695 | Lair:3   | Reached ***** piety under Hepliaklqana
  8763 | Lair:3   | Found a hide-covered altar of Uskayaw.
  8844 | Lair:3   | Found a staircase to the Shoals.
  9295 | Lair:4   | Found a gate leading to a gauntlet.
  9319 | Gauntlet | Entered a Gauntlet
  9319 | Gauntlet | Found a transporter.
  9319 | Gauntlet | Found a transporter.
  9406 | Gauntlet | Found a transporter.
  9410 | Gauntlet | Found a transporter.
  9418 | Gauntlet | Found a transporter.
  9422 | Gauntlet | Found a transporter.
  9426 | Gauntlet | Found a runed translucent door.
  9428 | Gauntlet | Found a runed translucent door.
  9430 | Gauntlet | Found a transporter.
  9443 | Gauntlet | Found the +8 demon blade "Leech" {evervamp, Harm ^Drain
                  | rN+}
  9445 | Gauntlet | Found a transporter.
  9448 | Gauntlet | Noticed a cacodemon
  9449 | Gauntlet | Found a runed translucent door.
  9463 | Gauntlet | Found a transporter.
  9464 | Gauntlet | Found a transporter.
  9475 | Gauntlet | Found a transporter.
  9476 | Gauntlet | Found a transporter.
  9646 | Gauntlet | Identified the ring "Ipogg" {rC+ Int+3 Dex+2}
  9703 | Gauntlet | Killed a cacodemon
  9812 | Gauntlet | Identified the amulet "Niriner" {rF+ RegenMP+ rCorr Int+6}
  9831 | Gauntlet | Identified the +2 leather armour "Veyzonn" {Rampage rPois
                  | rCorr Slay-4}
  9831 | Gauntlet | Noticed a minotaur
  9835 | Gauntlet | Killed a minotaur
  9844 | Gauntlet | Identified the +0 acid dragon scales of the Eleven Artisans
                  | {rN+ rCorr Stlth+}
  9972 | Lair:4   | Found a staircase to the Slime Pits.
  9972 | Lair:4   | Found a viscous altar of Jiyva.
  9987 | Lair:4   | Reached skill level 5 in Invocations
 10737 | Lair:4   | Noticed Nessos
 10745 | Lair:4   | Killed Nessos
 10746 | Lair:4   | Reached XP level 14. HP: 37/106 MP: 9/18
 10948 | Lair:4   | Acquired an ablative transmogrifier {RevParry, Will+
                  | Slay+3}
 11007 | Lair:5   | Entered Level 5 of the Lair of Beasts
 11437 | Lair:5   | Identified the ring of Generosity {rF+ Will+ MP+9 Int-3
                  | Dex+3}
 11450 | Lair:5   | Identified the +0 battleaxe of the Threshing Augurer
                  | {venom, *Rage rPois Int+5 Stlth-}
 12481 | Orc:1    | Entered Level 1 of the Orcish Mines
 12742 | Orc:1    | Reached ****** piety under Hepliaklqana
 12759 | Orc:1    | Found a roughly hewn altar of Beogh.
 13128 | Orc:2    | Entered Level 2 of the Orcish Mines
 13483 | Orc:2    | Reached XP level 15. HP: 99/114 MP: 11/20
 13532 | Orc:2    | Found Muasch's Antique Armour Shop.
 13601 | Orc:2    | Found a staircase to the Elven Halls.
 13618 | Orc:2    | Found Vunol's Book Shop.
 13695 | Orc:2    | Noticed an orc warlord
 13698 | Orc:2    | Killed an orc warlord
 13712 | Orc:2    | Found Dehiagyxt's General Store.
 13882 | Orc:2    | Found Vuhe's Antique Weapon Boutique.
 14141 | D:11     | Reached skill level 15 in Fighting
 14219 | D:11     | Identified the +2 trident of Plague {flame, rPois}
 15756 | D:13     | Reached skill level 5 in Dodging
 16309 | D:14     | Found a gate to the Vaults.
 16913 | D:15     | Entered Level 15 of the Dungeon
 17004 | D:15     | Reached XP level 16. HP: 124/124 MP: 14/23
 17094 | D:15     | Reached skill level 10 in Invocations
 17770 | D:15     | Found a staircase to the Depths.
 17796 | D:15     | Got Roxanne's Essays on the Mesa
 17799 | D:15     | Got the Writings on the Winter
 17803 | D:15     | Got Kikubaaqudgha's Writings on Rot
 17806 | D:15     | Got the Tome of Fever
 18094 | Shoals:1 | Entered Level 1 of the Shoals
 18754 | Shoals:2 | Reached skill level 1 in Evocations
 18850 | Shoals:2 | Reached XP level 17. HP: 133/133 MP: 15/24
 18980 | Shoals:2 | Noticed Nikola
 18984 | Shoals:2 | Killed Nikola
 19013 | Shoals:2 | Reached skill level 10 in Dodging
 19232 | Shoals:2 | Reached skill level 5 in Evocations
 20179 | Shoals:4 | Entered Level 4 of the Shoals
 20297 | Shoals:4 | Identified the +3 tower shield of Vermicelli {rF+ rCorr}
 20403 | Shoals:4 | Noticed Polyphemus
 20405 | Shoals:4 | Reached skill level 10 in Evocations
 20410 | Shoals:4 | Killed Polyphemus
 20811 | Shoals:4 | Reached XP level 18. HP: 134/142 MP: 16/25
 21374 | Shoals:4 | Got a barnacled rune of Zot
 21476 | Shoals:4 | Identified the +9 sling of Qoutak {flame, rF+ rCorr Str+3
                  | Stlth-}
 21816 | Snake:1  | Entered Level 1 of the Snake Pit
 21843 | Snake:1  | Found a transporter.
 21852 | Snake:1  | Found a transporter.
 21859 | Snake:1  | Noticed Jorgrun
 21863 | Snake:1  | Killed Jorgrun
 21906 | Snake:1  | Found a transporter.
 21907 | Snake:1  | Found a transporter.
 22183 | Snake:1  | Found a transporter.
 22196 | Snake:1  | Found a transporter.
 22341 | Snake:1  | Noticed Asterion
 22345 | Snake:1  | Killed Asterion
 23733 | Snake:2  | Identified the +3 dagger "Eviscerator" {freeze, rPois
                  | Will+}
 23817 | Snake:3  | Reached skill level 15 in Evocations
 23954 | Snake:3  | Reached XP level 19. HP: 136/149 MP: 17/26
 24747 | Snake:3  | Found Dups's Book Shoppe.
 24749 | Snake:3  | Found Qopsun's Jewellery Shop.
 24750 | Snake:3  | Found Leutoc's Book Shoppe.
 24834 | Snake:4  | Entered Level 4 of the Snake Pit
 26298 | Snake:4  | Got a serpentine rune of Zot
 26543 | Elf:1    | Entered Level 1 of the Elven Halls
 26561 | Elf:1    | Found a runed translucent door.
 26561 | Elf:1    | Found a shimmering altar of Xom.
 26561 | Elf:1    | Noticed Umeapios's ghost (veteran OpFE)
 26563 | Elf:1    | Identified the +5 rapier "Uskoeria" {chaos, rElec rF- rN++
                  | Str+3 Stlth-}
 26709 | Elf:1    | Found Qaarog's General Store.
 26960 | Elf:1    | Found Muclecwe's Weapon Shoppe.
 27003 | Elf:1    | Found Maisogg's Assorted Antiques.
 27012 | Elf:1    | Found Viogasm's Weapon Boutique.
 27018 | Elf:1    | Bought a potion of heal wounds for 145 gold pieces
 27298 | Elf:1    | Found a shimmering blue altar of Sif Muna.
 27799 | Elf:2    | Noticed Louise
 27804 | Elf:2    | Killed Louise
 27805 | Elf:2    | Noticed Azrael
 27843 | Elf:2    | Found Fakibum's Jewellery Shoppe.
 27858 | Elf:2    | Reached XP level 20. HP: 158/158 MP: 18/27
 28071 | Elf:2    | Identified the ring "Medereg" {rElec rPois rC++ Will- SInv
                  | Stlth-}
 28078 | Elf:2    | Noticed Norris
 28113 | Elf:2    | Killed Norris
 28136 | Elf:2    | Found a runed translucent door.
 28161 | Elf:2    | Found a runed translucent door.
 28503 | Elf:2    | Killed Azrael
 28830 | Elf:3    | Entered Level 3 of the Elven Halls
 28830 | Elf:3    | Identified the +2 robe "Saqiboh" {rCorr}
 28830 | Elf:3    | Noticed Boris
 28834 | Elf:3    | Killed Boris
 29056 | Vaults:1 | Entered Level 1 of the Vaults
 30170 | Vaults:1 | Identified the +4 eveningstar of Bodily Harmony {pain,
                  | Dex+5}
 30743 | Vaults:2 | Reached XP level 21. HP: 117/165 MP: 19/28
 30929 | Vaults:2 | Found a portal to a secret trove of treasure.
 31023 | Vaults:2 | Found a staircase to the Crypt.
 33005 | Vaults:3 | Reached skill level 15 in Dodging
 33328 | Vaults:3 | Found a transporter.
 33329 | Vaults:3 | Found a transporter.
 33329 | Vaults:3 | Noticed Fauhuump's ghost (adept TeAE)
 33517 | Vaults:4 | Found a flickering gateway to a bazaar.
 33523 | Bazaar   | Entered a bazaar
 33554 | Bazaar   | Found Udeyw's Magic Scroll Shoppe.
 33554 | Bazaar   | Found Yckunugg's Antique Armour Emporium.
 33560 | Bazaar   | Bought a scroll of acquirement for 364 gold pieces
 33579 | Bazaar   | Found Coipsu's Distillery.
 33579 | Bazaar   | Found Dentac's Weapon Emporium.
 33608 | Bazaar   | Bought a potion of heal wounds for 75 gold pieces
 33608 | Bazaar   | Bought a potion of invisibility for 120 gold pieces
 33622 | Bazaar   | Bought a faintly humming ring mail for 261 gold pieces
 33622 | Bazaar   | Identified the +2 ring mail "Uni Ymon" {Regen+} (You bought
                  | it in a shop in a bazaar)
 33636 | Bazaar   | Bought the +16 obsidian axe {drain, demonic, Mesm ^Drain
                  | Fly SInv} for 1138 gold pieces
 33636 | Bazaar   | Found the +16 obsidian axe {drain, demonic, Mesm ^Drain Fly
                  | SInv}
 33687 | Vaults:4 | Noticed a golden dragon
 33693 | Vaults:4 | Killed a golden dragon
 33695 | Vaults:4 | Found a magical portal.
 33705 | WizLab   | Entered The Chambers of the Cloud Mage
 33918 | WizLab   | Paralysed by an air elemental for 1 turns
 34273 | WizLab   | Paralysed by an air elemental for 1 turns
 34357 | WizLab   | Identified the +0 scale mail "Utoiwuf" {Str+4 Int+3}
 34359 | WizLab   | Got the Handbook of the Storm
 34633 | Vaults:4 | Reached XP level 22. HP: 174/174 MP: 20/29
 35348 | Vaults:4 | Identified the +0 spear of the Threshing Fulmar {drain,
                  | rCorr Str+3}
 35682 | Depths:1 | Entered Level 1 of the Depths
 35798 | Depths:1 | Found a gateway to Hell.
 35953 | Depths:1 | Found Zanief's Assorted Antiques.
 36057 | Depths:1 | Found a one-way gateway to a ziggurat.
 36065 | Depths:1 | Identified the +11 halberd "Worm" {freeze, Str+6}
 36247 | Depths:2 | Found Afang's Jewellery Boutique.
 36471 | Depths:2 | Identified the +1 ring mail of the Shoals {rElec rF- Slay+5
                  | Stlth-}
 36835 | Depths:2 | Found an iron altar of Okawaru.
 36871 | Depths:2 | Reached XP level 23. HP: 137/182 MP: 21/30
 37071 | Depths:2 | Identified the +0 plate armour of Eternal Vigilance
                  | {*Corrode +Inv rN++ Str+3}
 37085 | Depths:2 | Found a basalt altar of Yredelemnul.
 37085 | Depths:2 | Noticed Jory
 37093 | Depths:2 | Killed Jory
 37319 | Depths:2 | Found a one-way gate leading to the halls of Pandemonium.
 37671 | Depths:3 | Identified the +2 cloak "Devank" {Regen+ MP+9}
 37682 | Depths:3 | Identified the +0 quarterstaff of Nufaq {protect, Str+5
                  | SInv}
 38013 | Depths:3 | Found a one-way gate to the infinite horrors of the Abyss.
 38237 | Depths:3 | Noticed Parghit
 38244 | Depths:3 | Killed Parghit
 38245 | Depths:3 | Reached skill level 27 in Evocations
 38570 | Orc:2    | Bought a book of Chaos for 900 gold pieces
 38762 | Snake:3  | Bought a book of Minor Magic for 224 gold pieces
 38765 | Snake:3  | Learned a level 2 spell: Blink
 38772 | Snake:3  | Learned a level 6 spell: Dispersal
 38781 | Snake:3  | Learned a level 8 spell: Disjunction
 39112 | Depths:4 | Entered Level 4 of the Depths
 39352 | Depths:4 | Noticed the Enchantress
 39354 | Depths:4 | Killed the Enchantress
 39397 | Depths:4 | Noticed a golden dragon
 39402 | Depths:4 | Killed a golden dragon
 39468 | Depths:4 | Reached XP level 24. HP: 153/192 MP: 21/30
 39600 | Depths:4 | Found a gate to the Realm of Zot.
 39649 | Depths:4 | Noticed Grunn
 39652 | Depths:4 | Killed Grunn
 39948 | Depths:4 | Found a sacrificial altar of Ru.
 40473 | Elf:3    | Found Tofeihanei's Antique Armour Emporium.
 40547 | Elf:3    | Found Sahaibb's Weapon Emporium.
 40634 | Elf:3    | Identified the +0 ring mail of Wuneppadgh {*Corrode rPois
                  | rN+ Int+4}
 40754 | Elf:3    | Found Lezyblio's Magic Scroll Shop.
 40833 | Elf:3    | Found Yptasch's General Store.
 40847 | Elf:3    | Found Niatzioh's Magic Scroll Emporium.
 40856 | Elf:3    | Bought a scroll of blinking for 97 gold pieces
 40856 | Elf:3    | Bought a scroll of blinking for 97 gold pieces
 41169 | Elf:3    | Found the +8 longbow "Zephyr" {speed, Dex+3 SInv}
 41366 | Elf:3    | Identified the +1 plate armour of Brilliance {Int+2}
 41376 | Elf:3    | Identified the ring of the Glimmering Hero {rF- rN+ MP+9
                  | Str+2 Int+2}
 41388 | Elf:3    | Identified the +7 dagger of Nafohot {drain, rPois Str+3}
 41392 | Elf:3    | Got the Spellbook of Imprecation and Austromancy
 41823 | Slime:1  | Entered Level 1 of the Pits of Slime
 42317 | Slime:2  | Gained mutation: Your muscles are strong. (Str +4, Int/Dex
                  | -1) [a shining eye]
 43526 | Slime:3  | Paralysed by a formless jellyfish for 1 turns
 43532 | Slime:3  | Reached XP level 25. HP: 92/202 MP: 21/30
 43899 | Slime:5  | Entered Level 5 of the Pits of Slime
 44125 | Slime:5  | Found a viscous altar of Jiyva.
 44220 | Slime:5  | Noticed the Royal Jelly
 44233 | Slime:5  | Killed the Royal Jelly
 44348 | Slime:5  | Identified the staff "Koaqy" {*Slow +Blink rElec rPois
                  | Earth}
 44377 | Slime:5  | Got the Handbook of the Chthonic Dead
 44489 | Slime:5  | Got a slimy rune of Zot
 44953 | Vaults:5 | Entered Level 5 of the Vaults
 45060 | Vaults:5 | Noticed a dread lich
 45067 | Vaults:5 | Killed a dread lich
 45287 | Vaults:5 | Got a silver rune of Zot
 45393 | Vaults:5 | Noticed a dread lich
 45395 | Vaults:5 | Killed a dread lich
 45648 | Vaults:5 | Found Wuosin's Distillery.
 45648 | Vaults:5 | Found Yjura's Distillery.
 45660 | Vaults:5 | Bought a potion of cancellation for 128 gold pieces
 45787 | Vaults:5 | Reached XP level 26. HP: 213/213 MP: 21/30
 45860 | Vaults:5 | Found Irapp's Distillery.
 45860 | Vaults:5 | Noticed an ancient lich
 45863 | Vaults:5 | Killed an ancient lich
 46140 | Vaults:5 | Noticed a dread lich
 46142 | Vaults:5 | Killed a dread lich
 46153 | Vaults:5 | Bought a potion of resistance for 130 gold pieces
 46153 | Vaults:5 | Bought a potion of haste for 130 gold pieces
 46153 | Vaults:5 | Bought a potion of haste for 130 gold pieces
 46310 | Vaults:5 | Noticed an ancient lich
 46315 | Vaults:5 | Killed an ancient lich
 46343 | Vaults:5 | Found Locyrec's Antique Armour Shop.
 46349 | Vaults:5 | Bought a pair of slimy gloves for 408 gold pieces
 46349 | Vaults:5 | Identified the +2 pair of gloves of Xom's Supremacy {Harm
                  | rElec rN+ Dex-4} (You bought it in a shop on level 5 of the
                  | Vaults)
 46377 | Vaults:5 | Noticed a dread lich
 46385 | Vaults:5 | Killed a dread lich
 46411 | Vaults:5 | Found Varuud's Armour Shop.
 46416 | Vaults:5 | Found Cicki's Antique Armour Shoppe.
 46831 | Depths:3 | Voluntarily entered the Abyss.
 47025 | Abyss:3  | Found a corrupted altar of Lugonu.
 47161 | Abyss:3  | Found a corrupted altar of Lugonu.
 47244 | Depths:3 | Escaped the Abyss
 47479 | Depths:3 | Voluntarily entered the Abyss.
 47499 | Abyss:3  | Found a corrupted altar of Lugonu.
 47554 | Abyss:3  | Found an opulent altar of Gozag.
 47605 | Abyss:3  | Found a corrupted altar of Lugonu.
 47664 | Abyss:3  | Got an abyssal rune of Zot
 47699 | Abyss:3  | Found a corrupted altar of Lugonu.
 47715 | Depths:3 | Escaped the Abyss
 47758 | Zot:1    | Entered Level 1 of the Realm of Zot
 47758 | Zot:1    | Noticed an ancient lich
 47770 | Zot:1    | Killed an ancient lich
 47771 | Zot:1    | Reached skill level 27 in Fighting
 48051 | Zot:1    | Reached XP level 27. HP: 224/224 MP: 21/30
 48578 | Zot:1    | Identified the +1 robe "Saregizi" {Dex+3 Slay+2}
 48891 | Zot:2    | Noticed an orb of fire
 48895 | Zot:2    | Killed an orb of fire
 49309 | Zot:2    | Identified the +1 chain mail of the Unseen Realm {+Blink
                  | rElec Will- Int+3}
 49630 | Zot:2    | Identified the +7 long sword "Lamua" {distort, rF+ Dex+6}
 49668 | Zot:2    | Identified the +8 spear of Goczuext {freeze, +Blink MP+9
                  | Dex+2}
 51186 | Zot:4    | Found a glowing silver altar of Zin.
 51516 | Zot:4    | Found a stormy altar of Qazlal.
 52264 | Zot:5    | Entered Level 5 of the Realm of Zot
 52634 | Zot:5    | Noticed an ancient lich
 52638 | Zot:5    | Killed an ancient lich
 52645 | Zot:5    | Noticed an orb of fire
 52650 | Zot:5    | Killed an orb of fire
 52655 | Zot:5    | Noticed a dread lich
 52660 | Zot:5    | Killed a dread lich
 52736 | Zot:5    | Noticed an orb of fire
 52740 | Zot:5    | Killed an orb of fire
 52825 | Zot:5    | Noticed a dread lich
 52829 | Zot:5    | Killed a dread lich
 52840 | Zot:5    | Noticed an orb of fire
 52849 | Zot:5    | Killed an orb of fire
 52851 | Zot:5    | Reached skill level 27 in Dodging
 52856 | Zot:5    | Reached skill level 1 in Spellcasting
 52856 | Zot:5    | Reached skill level 1 in Translocations
 52869 | Zot:5    | Noticed an ancient lich
 52872 | Zot:5    | Killed an ancient lich
 52884 | Zot:5    | Noticed a dread lich
 52888 | Zot:5    | Killed a dread lich
 52889 | Zot:5    | Noticed a dread lich
 52889 | Zot:5    | Noticed a dread lich
 52891 | Zot:5    | Killed a dread lich
 52891 | Zot:5    | Noticed an ancient lich
 52893 | Zot:5    | Killed a dread lich
 52897 | Zot:5    | Killed an ancient lich
 52937 | Zot:5    | Noticed a dread lich
 52940 | Zot:5    | Killed a dread lich
 53024 | Zot:5    | Reached skill level 5 in Translocations
 53202 | Zot:5    | Noticed an orb of fire
 53208 | Zot:5    | Gained mutation: You occasionally lose the ability to read
                  | scrolls when taking damage. [an orb of fire]
 53209 | Zot:5    | Killed an orb of fire
 53210 | Zot:5    | Reached skill level 5 in Spellcasting
 53400 | Zot:5    | Lost mutation: Your muscles are strong. (Str +4, Int/Dex
                  | -1) [potion of mutation]
 53400 | Zot:5    | Lost mutation: You occasionally lose the ability to read
                  | scrolls when taking damage. [potion of mutation]
 53400 | Zot:5    | Gained mutation: You occasionally shout uncontrollably at
                  | your foes. [potion of mutation]
 53400 | Zot:5    | Gained mutation: Your mind is acute. (Int +4, Str/Dex -1)
                  | [potion of mutation]
 53400 | Zot:5    | Gained mutation: Your mind is very acute. (Int +8, Str/Dex
                  | -2) [potion of mutation]
 53557 | Hell     | Entered the Vestibule of Hell
 53557 | Hell     | Noticed Geryon
 53563 | Hell     | Killed Geryon
 53839 | Hell     | Found a gateway to the Iron City of Dis.
 53904 | Hell     | Found a gateway to the freezing wastes of Cocytus.
 53962 | Hell     | Found a gateway to the decaying netherworld of Tartarus.
 54086 | Hell     | Found a gateway to the ashen valley of Gehenna.
 54322 | Pan      | Entered Pandemonium
 54858 | Pan      | Found an exit through the horrors of the Abyss.
 54923 | Pan      | Noticed Guxu the pandemonium lord
 54927 | Pan      | Killed Guxu the pandemonium lord
 55070 | Pan      | Reached skill level 10 in Translocations
 55640 | Pan      | Found a white marble altar of Elyvilon.
 55678 | Pan      | Identified the +1 ring mail "Ceuhyrph" {rPois Dex+4 Slay+2}
 55942 | Pan      | Identified the +1 tower shield of Weike {Dex+5 Stlth+}
 55968 | Pan      | Found a glowing silver altar of Zin.
 56589 | Pan      | Reached skill level 10 in Spellcasting
 56629 | Pan      | Identified the +0 morningstar of Valiance {spect, rCorr
                  | Str+2}
 56653 | Pan      | Found a glowing golden altar of the Shining One.
 56659 | Pan      | Noticed a seraph
 56673 | Pan      | Killed a seraph
 56826 | Pan      | Identified the +5 quarterstaff of Yxaewata {pain, ^Drain
                  | rPois MP+9 Dex+3}
 56828 | Pan      | Identified the +3 whip of Okaogouce {flame, Int+3}
 56830 | Pan      | Got a demonic rune of Zot
 56836 | Pan      | Identified the +9 dagger of the Vaults {flame, ^Contam Fly
                  | rC+ Dex+3}
 56845 | Pan      | Identified the +5 spear "Ysuq" {speed, rCorr MP-9 Str+5
                  | SInv}
 57126 | Depths:3 | Escaped Pandemonium
 57384 | Crypt:1  | Entered Level 1 of the Crypt
 57422 | Crypt:1  | Noticed Mennas
 57425 | Crypt:1  | Killed Mennas
 57706 | Crypt:1  | Identified the granite talisman of a Gauntlet {rF+ rC++
                  | rCorr}
 58990 | Crypt:2  | Noticed Vv
 58998 | Crypt:2  | Killed Vv
 59266 | Crypt:2  | Found a runed translucent gate.
 59266 | Crypt:2  | Found a runed translucent gate.
 59268 | Crypt:2  | Found an opulent altar of Gozag.
 59273 | Crypt:2  | Found a runed translucent gate.
 59273 | Crypt:2  | Noticed Laziaso's ghost (adept GrFi)
 59353 | Crypt:2  | Found Dumol's Assorted Antiques.
 59361 | Crypt:2  | Killed Laziaso's ghost
 59410 | Crypt:2  | Bought a potion of cancellation for 288 gold pieces
 59418 | Crypt:3  | Entered Level 3 of the Crypt
 60510 | Crypt:3  | Identified the +1 robe of Calculation {Int+2}
 60515 | Crypt:3  | Got the Information on Shades
 60532 | Crypt:3  | Identified the +6 dagger of Grontol {spect, Will++ Int+6}
 60756 | Crypt:3  | Identified the +10 mace "Hydra's Demise" {drain, rF++
                  | Will-}
 61281 | Crypt:3  | Found a staircase to the Tomb.
 61342 | Crypt:3  | Reached skill level 15 in Translocations
 61951 | Pan      | Entered Pandemonium
 62202 | Pan      | Noticed Paifeony the pandemonium lord
 62210 | Pan      | Killed Paifeony the pandemonium lord
 63436 | Pan      | Reached skill level 15 in Spellcasting
 63471 | Pan      | Found an exit through the horrors of the Abyss.
 63704 | Pan      | Noticed Rerph the pandemonium lord
 63711 | Pan      | Killed Rerph the pandemonium lord
 64084 | Pan      | Identified the +10 flail of Pomacvul {venom, rF+ Str+2
                  | Dex+2}
 64546 | Pan      | Gained mutation: Your body sometimes deteriorates upon
                  | taking damage. [a neqoxec]
 64552 | Pan      | Found an exit through the horrors of the Abyss.
 64572 | Pan      | Noticed Gehogum the pandemonium lord
 64580 | Pan      | HP: 10/224 [demonspawn warmonger/+2 demon whip of
                  | electrocution (38)]
 64644 | Pan      | Killed Gehogum the pandemonium lord
 64949 | Pan      | Identified the +2 ring mail of Mezcal {rF+}
 65494 | Pan      | Noticed Ufeakul the pandemonium lord
 65497 | Pan      | Killed Ufeakul the pandemonium lord
 65821 | Pan      | Identified the +0 robe "Tiheiw" {rN++ Dex+2}
 66351 | Pan      | Identified the +1 plate armour "Qoagon" {Harm Rampage}
 66565 | Pan      | Noticed Loamyuco the pandemonium lord
 66570 | Pan      | Killed Loamyuco the pandemonium lord
 66797 | Pan      | Gained mutation: You are occasionally teleported next to
                  | monsters. [a neqoxec]
 66800 | Pan      | Lost mutation: Your body sometimes deteriorates upon taking
                  | damage. [potion of mutation]
 66800 | Pan      | Lost mutation: You are occasionally teleported next to
                  | monsters. [potion of mutation]
 66800 | Pan      | Lost mutation: Your mind is very acute. (Int +8, Str/Dex
                  | -2) [potion of mutation]
 66800 | Pan      | Gained mutation: Your spells are a little harder to cast,
                  | but a little more powerful. [potion of mutation]
 66800 | Pan      | Gained mutation: Your muscles are strong. (Str +4, Int/Dex
                  | -1) [potion of mutation]
 66800 | Pan      | Gained mutation: You are partially covered in iridescent
                  | scales. (AC +2) [potion of mutation]
 68136 | Pan      | Noticed Nidueth Bemu the pandemonium lord
 68142 | Pan      | Killed Nidueth Bemu the pandemonium lord
 69388 | Pan      | Noticed Qaufyz the pandemonium lord
 69392 | Pan      | Killed Qaufyz the pandemonium lord
 70714 | Pan      | Found a runed translucent door.
 70722 | Pan      | Found a runed translucent door.
 70745 | Pan      | Found a runed translucent door.
 70745 | Pan      | Found a runed translucent door.
 70747 | Pan      | Noticed Querilib the pandemonium lord
 71150 | Pan      | Found an exit through the horrors of the Abyss.
 71379 | Pan      | Noticed Ikadiont the pandemonium lord
 71382 | Pan      | Killed Ikadiont the pandemonium lord
 71787 | Pan      | Took an exit into the Abyss.
 71787 | Abyss:3  | Escaped into the Abyss
 72163 | Depths:2 | Escaped the Abyss
 72450 | Vaults:2 | You paid a toll of 2 scrolls of acquirement to enter a
                  | treasure trove
 72451 | Trove    | Entered a treasure trove
 72461 | Trove    | Identified the scarf "Ledeur" {rC+ rF+, rPois Will- Dex+4}
 72475 | Trove    | Identified the +1 hat "Wegudopt" {rElec Str+3}
 72476 | Trove    | Identified the +1 pair of boots of the Game of Kings
                  | {Dex+5}
 72488 | Trove    | Identified the +1 robe of Caraum {Dex+3}
 72502 | Trove    | Identified the +0 hat of Sloth {rElec rCorr}
 72503 | Trove    | Identified the +0 pair of boots of Plog {+Blink rElec}
 72504 | Trove    | Identified the +1 buckler of Crawling {+Blink}
 72506 | Trove    | Identified the +1 pair of gloves of Igeaffil {*Slow rElec
                  | rPois}
 72507 | Trove    | Identified the +0 cloak of Farydoam {Dex+3}
 72509 | Trove    | Identified the +1 buckler of Perfidy {Harm rElec rPois}
 72534 | Vaults:2 | Acquired the +0 pair of gloves "Earthly Heaven" {rPois
                  | Str+2 Slay+2 SInv}
 72755 | Pan      | Entered Pandemonium
 72997 | Pan      | Found a huge runed translucent gate.
 74048 | Pan      | Noticed Kupi Fof the pandemonium lord
 74050 | Pan      | Killed Kupi Fof the pandemonium lord
 74864 | Pan      | Found a transporter.
 74986 | Pan      | Found a transporter.
 75249 | Pan      | Noticed Locsarph the pandemonium lord
 75254 | Pan      | Killed Locsarph the pandemonium lord
 75664 | Pan      | Found an exit through the horrors of the Abyss.
 75799 | Pan      | Noticed Sanaemet the pandemonium lord
 75823 | Pan      | Killed Sanaemet the pandemonium lord
 76010 | Pan      | Identified the blade talisman of Mumblety Peg {rC+ Str+7}
 76355 | Pan      | Entered the realm of Cerebov.
 76696 | Pan      | Found an exit through the horrors of the Abyss.
 77318 | Pan      | Found the +6 sword of Cerebov {flame}
 77318 | Pan      | Noticed Cerebov
 77335 | Pan      | Killed Cerebov
 77389 | Pan      | Identified the ring "Wiadot" {rC+ MP+9 Int+4 Slay-2 SInv}
 77449 | Pan      | Identified the +0 spear of the Pharaoh's Fist {drain, rF++
                  | Str+5 Dex-2}
 77469 | Pan      | Got a fiery rune of Zot
 77533 | Pan      | Identified the +2 long sword "Beetlebane" {flame, SInv}
 77562 | Pan      | Identified the +7 falchion of the Bursting Shark {drain,
                  | Str-2 Int+3 Dex+4}
 77565 | Pan      | Identified the +5 leather armour "Igokh" {^Contam Str+3
                  | Int+3 SInv}
 77840 | Pan      | Entered the realm of Gloorx Vloq.
 78232 | Pan      | Noticed Gloorx Vloq
 78242 | Pan      | Killed Gloorx Vloq
 78604 | Pan      | Got a dark rune of Zot
 79117 | Pan      | Entered the realm of Mnoleg.
 79166 | Pan      | Found an exit through the horrors of the Abyss.
 79542 | Pan      | Noticed Mnoleg
 79568 | Pan      | Killed Mnoleg
 79947 | Pan      | Got a glowing rune of Zot
 80533 | Pan      | Gained mutation: You are frail. (-10% HP) [a neqoxec]
 80556 | Pan      | Gained mutation: You passively map a small area around you.
                  | [a neqoxec]
 80732 | Pan      | Noticed Asuaruts the pandemonium lord
 80741 | Pan      | Killed Asuaruts the pandemonium lord
 80818 | Pan      | Identified the +9 mace "Dragon's Curse" {pain, rElec MP+9
                  | SInv}
 80932 | Pan      | Found an exit through the horrors of the Abyss.
 81337 | Pan      | Found an exit through the horrors of the Abyss.
 81456 | Pan      | Noticed Tylleac the pandemonium lord
 81458 | Pan      | Killed Tylleac the pandemonium lord
 81534 | Pan      | Identified the ring of the Burgomaster {Wiz rF+ rN+++ Str-3
                  | Dex-3}
 81580 | Depths:2 | Escaped Pandemonium
 81757 | Pan      | Entered the realm of Lom Lobon.
 81757 | Pan      | Entered Pandemonium
 81771 | Pan      | Found an exit through the horrors of the Abyss.
 82155 | Pan      | Noticed Lom Lobon
 82183 | Pan      | Killed Lom Lobon
 82271 | Pan      | Got a magical rune of Zot
 82772 | Pan      | Took an exit into the Abyss.
 82772 | Abyss:3  | Escaped into the Abyss
 82773 | Abyss:3  | Found a corrupted altar of Lugonu.
 82787 | Depths:2 | Escaped the Abyss
 82870 | Geh:1    | Entered Level 1 of Gehenna
 84420 | Geh:7    | Entered Level 7 of Gehenna
 84883 | Geh:7    | Identified the +4 longbow of Punishment {flame, *Corrode
                  | Int+5 Dex-3 SInv}
 85543 | Geh:7    | Identified the +6 quarterstaff "Gine" {spect, rF+ Will+
                  | Int+3}
 85800 | Geh:7    | Got Sif Muna's Folio of Loathsome Glaciation
 86236 | Geh:7    | Found the +13 sceptre of Asmodeus
 86236 | Geh:7    | Noticed Asmodeus
 86244 | Geh:7    | Killed Asmodeus
 86268 | Geh:7    | Got an obsidian rune of Zot
 86535 | Coc:1    | Entered Level 1 of Cocytus
 87426 | Coc:4    | HP: 9/199 [golden dragon simulacrum (2)]
 87426 | Coc:4    | Slain by a nargun

Illustrated notes

Levels and vault maps discovered:
D:1:      nzn_arrival_depleted_hourglass, layout_rooms,
          shapermc_ecumenical_altar_mp_vishouse, st_stairs_5,
          minmay_small_reverse_x
D:2:      layout_basic, uniq_crazy_yiuf_cottage
D:3:      layout_basic, nicolae_figureground_sparkle
D:4:      layout_cave_pools, yredelemnul_forgotten_temple_becter,
          gammafunk_temple_overflow_forgotten
D:5:      layout_gridville, nicolae_vehumet_altar_sigil, tgw_kikubaaqudgha,
          temple_statues, ebering_dispersal_statue_hall,
          minmay_chambers_of_fives
D:6:      layout_cave_pools, tso_metal_star, trog_antimagical, serial_shops,
          nicolae_take_the_stairs, shop, nicolae_shop_hallway_plus
D:7:      layout_rooms, mainiacjoe_overflow_six_doors_small,
          lemuel_doored_altar, serial_shops, shop_statue
D:8:      layout_cave_pools, ebering_ghost_xom, kennysheep_generic_room_7
D:9:      layout_roguey, supply_closet_lemuel, minmay_radiant
D:10:     layout_loops_ring, grunt_ashenzari_visionary
          [grunt_ashenzari_visionary_shoals, grunt_ashenzari_visionary_snake],
          nemelex_diamond_rough_becter, lair_entry_dummy, david_orc_4,
          uniq_psyche, uniq_maggie
D:11:     cheibrodos_grave_circle, layout_rooms
D:12:     layout_basic
D:13:     layout_basic
D:14:     layout_roguey, hellmonk_vaults_keyhole, serial_demonic,
          serial_demonic_a, serial_demonic_e, serial_demonic_f, serial_demonic_b
D:15:     regret_index_condemned_cage, layout_basic, moated_statue
Temple:   dpeg_chambers_temple
Lair:1:   layout_loops_ring, beast_lair_carwin_1, lemuel_fruit_fields,
          infiniplex_staircase_pool_2
Lair:2:   layout_concentric_octagons, nicolae_snake_entry_squirm,
          grunt_megastairs_4
Lair:3:   layout_hall_layers, minmay_shoals_entry_hut, basic_altar,
          lemuel_fruit_fields, serial_bayou_shore_a
Lair:4:   layout_cave_pods, slime_entry_1, gauntlet_entry_generic, uniq_nessos
Lair:5:   gammafunk_lair_ancient_temple, layout_layer_cave, lemuel_fruit_tree
Shoals:1: layout_shoals
Shoals:2: layout_shoals, uniq_nikola
Shoals:3: layout_shoals
Shoals:4: shoals_end_simple, layout_shoals, nicolae_shoals_mertower,
          uniq_polyphemus
Snake:1:  layout_chambers, drop_trap, serial_nicolae_subway,
          nicolae_sub_station_metal, nicolae_sub_station_stone,
          nicolae_sub_station_crystal, uniq_jorgrun, uniq_asterion
Snake:2:  layout_honeycomb
Snake:3:  layout_rooms, st_stairs_9, nicolae_snake_gridmaze_entwining,
          minmay_shop_grove
Snake:4:  grunt_snake_rune_pools, layout_cave_town, serial_bayou_shore_b
Slime:1:  layout_caves
Slime:2:  layout_caves
Slime:3:  layout_caves
Slime:4:  layout_caves, nicolae_slime_round_cave
Slime:5:  slime_pit_nicolae_jellycorners
Orc:1:    nicolae_orc_accident_1, layout_caves, david_defended_altar_orc
Orc:2:    grunt_orc_gardens, layout_caves, grunt_orc_garden, grunt_orc_garden,
          grunt_orc_garden, grunt_orc_garden, mines4_lemuel
Elf:1:    nicolae_elf_arrival_fired_up, layout_gridlike, ebering_ghost_xom,
          serial_shops, nicolae_shop_mannequins, shop, shop, shop,
          guppyfry_elf_altar, grunt_megastairs_2
Elf:2:    elven_hall_of_blades_hangedman_original
          [nicolae_blade_entry_splitting_headache], layout_loops_corners,
          serial_shops, nicolae_shop_waterfront, uniq_norris, uniq_azrael,
          uniq_louise
Elf:3:    elf_hall_gauntlet_wide, layout_geoelf_diagonals, serial_shops,
          nicolae_shop_just_a_little_nook, shop, shop, shop, shop,
          wad_floor_pattern_2, laboratory, uniq_boris
Vaults:1: nicolae_vaults_windows_and_doors_thing, nicolae_vaults_theta,
          nicolae_vaults_little_squares_3, v_misc_8,
          nicolae_vaults_door_testing_chamber, ontoclasm_vaults_decontamination,
          nicolae_vaults_statue_guard, vaults_room_octagon,
          nicolae_vaults_network_s, grunt_vaults_twisty, ontoclasm_vaults_tryst,
          nicolae_vaults_theta, ontoclasm_vaults_loading_screen, v_misc_22,
          layout_vaults_maze
Vaults:2: cheibrodos_frozen_isle, nicolae_vaults_border_crossing,
          minmay_crypt_entry_simple_plaza, v_alt_pattern_3,
          hangedman_vaults_snaps, nicolae_vaults_little_squares_3, v_misc_15,
          v_misc_31, layout_vaults_chaotic_city, nicolae_trove_entry_diagonal,
          uniq_margery
Vaults:3: gammafunk_ghost_smash, nicolae_vaults_tetromino_T_2,
          nicolae_vaults_trapezoid_lopsided_4, ontoclasm_vaults_gateway,
          v_rooms_6, v_misc_19, nicolae_vaults_rhombus_7, ontoclasm_vaults_spin,
          nicolae_vaults_tetromino_T_1, layout_vaults_omnigrid, serial_shops
Vaults:4: infiniplex_enter_wizlab_glasses, nicolae_vaults_little_squares_5,
          nicolae_vaults_doubleplus_tesselated,
          nicolae_vaults_variable_pillar_hall, vaults_mumra_lcd, v_misc_33,
          hangedman_vaults_corner_blocks, nicolae_vaults_closet_pinwheel_4,
          vaults_room_pool, v_misc_4, serial_ice_h, v_misc_4, v_pattern_5,
          nicolae_vaults_loss_of_containment, v_misc_15, nicolae_vaults_two_Ls,
          nicolae_vaults_gold_heap, nicolae_vaults_tetromino_L_1,
          layout_vaults_ring, serial_shops, bzr_entry_water
Vaults:5
Crypt:1:  layout_misc_corridors, uniq_mennas
Crypt:2:  layout_misc_corridors, ebering_ghost_gozag, grunt_megastairs_1,
          uniq_vv
Crypt:3:  due_elkab, layout_chaotic_city, tomb_entry_simple_bobbens
Depths:1: layout_cave_pools, enter_ziggurat_e, hell_entry, serial_shops, shop,
          hangedman_abyss_or_decor_stabs, minmay_three_doors
Depths:2: lemuel_vampire_tower, layout_cave_pools, serial_shops, shop,
          hellmouth_1, okawaru_trees_1, rand_demon_pan_entry_7,
          chequers_serial_rivers_micro_c
Depths:3: dreamdust_merry_men, layout_cave_pools, serial_bayou,
          serial_bayou_lagoon_b, serial_bayou_pond_d, serial_bayou_lagoon_a,
          serial_bayou_pond_c, nicolae_abyss_entry_one_way_or_another,
          grunt_pan_entry_sceptre, grunt_mini_vestibule,
          kennysheep_generic_room_3, uniq_parghit
Depths:4: grunt_x_marks_the_spot, layout_gridlike, nicolae_ru_path_of_blood,
          hell_entry, chequers_serial_rivers_marsh,
          chequers_serial_rivers_large_a, uniq_grunn, uniq_enchantress
Hell
Geh:1:    layout_gehenna_pools_basic, lemuel_old_faithful
Geh:2:    layout_gehenna_lava_caves
Geh:3:    layout_gehenna_pools_triple
Geh:4:    layout_gehenna_pools_basic, nicolae_geh_gnashing_of_teeth
Geh:5:    layout_gehenna_lava_caves, nicolae_geh_amphitheater
Geh:6:    layout_gehenna_pools_box
Geh:7:    geh_hangedman
Coc:1:    layout_ice_bergs, nicolae_hells_seeping_fissure
Coc:2:    layout_cocytus_water_paths
Coc:3:    layout_ice_bergs
Coc:4:    layout_cocytus_delve
Zot:1:    hangedman_snap_crack_crunch, layout_concentric_octagons
Zot:2:    minmay_elemental_castle, layout_misc_corridors
Zot:3:    layout_gridlike, regret_index_zotdec_silver_v_v_loose
Zot:4:    layout_gridlike, basic_altar, regret_index_zotdec_storm_pass,
          hangedman_elemental_corridor
Zot:5:    layout_misc_corridors, st_stairs_9, regret_index_zotdec_slimy_original

Skill      XL: |  1  2  3  4  5  6  7  8  9 10 11 12 13 14 15 16 17 18 19 20 21 22 23 24 25 26 27 |
---------------+----------------------------------------------------------------------------------+-----
Ranged Weapons | 4 5 6 7 9 11 12 14 15 17 18 24 | 24.4
Fighting       | 3 4 5 6 8 9 11 12 13 14 15 17 18 19 20 21 22 23 24 25 27 | 27.0
Invocations    | 3 5 7 9 10 | 10.0
Dodging        | 2 6 9 11 12 13 14 15 16 17 19 20 22 27 | 27.0
Evocations     | 2 11 15 18 21 23 25 27 | 27.0
Spellcasting   | 23 | 23.6
Translocations | 26 | 26.4
Stealth        | |  0.7

Action                     |  1- 3 |  4- 6 |  7- 9 | 10-12 | 13-15 | 16-18 | 19-21 | 22-24 | 25-27 || total
---------------------------+-------+-------+-------+-------+-------+-------+-------+-------+-------++-------
   Fire: Sling             |   112 |       |       |       |       |       |       |       |       ||   112
         Hand cannon       |    22 |   132 |   150 |   432 |   934 |  1078 |  1302 |  1468 |  8104 || 13622
   Cast: Blink             |       |       |       |       |       |       |       |       |     2 ||     2
 Invoke: Ancestor Identity |       |       |     1 |       |       |       |       |       |       ||     1
         Ancestor Life: Ba |       |       |     1 |       |       |       |       |       |       ||     1
         Recall Ancestor   |       |       |       |     1 |     3 |     4 |     4 |     4 |    33 ||    49
         Idealise          |       |       |       |       |     3 |     2 |     7 |     2 |    44 ||    58
Ability: Invent Gizmo      |       |       |       |       |     1 |       |       |       |       ||     1
  Evoke: Phantom mirror    |       |       |       |       |       |       |       |       |     4 ||     4
         Box of beasts     |       |       |       |       |       |       |       |       |     2 ||     2
         Wand              |       |       |       |       |       |       |       |       |     2 ||     2
         Horn of Geryon    |       |       |       |       |       |       |       |       |     1 ||     1
         Condenser vane    |       |       |       |       |       |       |       |       |     1 ||     1
    Use: Scroll            |     5 |    12 |     6 |     7 |     5 |     3 |     3 |     5 |    32 ||    78
         Potion            |       |       |       |       |     5 |     3 |     6 |     3 |    31 ||    48
 Armour: Leather armour    |     7 |     8 |       |       |       |       |       |       |       ||    15
         Robe              |       |       |    11 |    30 |    67 |    58 |    85 |    65 |   287 ||   603
         Acid dragon scale |       |       |       |       |       |       |       |    30 |     3 ||    33
  Dodge: Dodged            |     9 |     4 |    12 |    21 |    67 |    82 |   148 |   169 |   893 ||  1405

Table legend: (Time is in decaauts)
 A = Elapsed time spent in this place.
 B = Non-inter-level travel time spent in this place.
 C = Inter-level travel time spent in this place.
 D = Time resting spent in this place.
 E = Time spent auto-exploring this place.
 F = Levels seen in this place.
 G = Mean time per level.
                   A        B        C        D        E       F      G
               +--------+--------+--------+--------+--------+-----+--------+
         Total |  87808 |  79211 |   8597 |   8192 |  56800 | 101 |  869.4 |
       Dungeon |  12641 |   9838 |   2803 |    823 |   7484 |  15 |  842.7 |
        Temple |      1 |      1 |      0 |      0 |      0 |   1 |    1.0 |
          Lair |   5416 |   4480 |    936 |    266 |   3559 |   5 | 1083.2 |
        Shoals |   3823 |   3349 |    474 |    238 |   2565 |   4 |  955.8 |
     Snake Pit |   4713 |   4311 |    402 |    147 |   3649 |   4 | 1178.2 |
    Slime Pits |   2878 |   2562 |    316 |    339 |   1839 |   5 |  575.6 |
  Orcish Mines |   1684 |   1439 |    245 |    227 |   1043 |   2 |  842.0 |
   Elven Halls |   3636 |   3108 |    528 |     61 |   2585 |   3 | 1212.0 |
        Vaults |   7812 |   6730 |   1082 |    489 |   5288 |   5 | 1562.4 |
         Crypt |   4367 |   4061 |    306 |    788 |   2706 |   3 | 1455.7 |
        Depths |   4909 |   4038 |    871 |    659 |   2595 |   4 | 1227.2 |
          Hell |    786 |    697 |     89 |     36 |    417 |   1 |  786.0 |
       Gehenna |   3547 |   3467 |     80 |   1209 |   1671 |   7 |  506.7 |
       Cocytus |    925 |    900 |     25 |    445 |    274 |   4 |  231.2 |
           Zot |   5777 |   5338 |    439 |    227 |   4338 |   5 | 1155.4 |
         Abyss |   1038 |   1038 |      0 |     59 |    126 |   6 |  173.0 |
   Pandemonium |  22401 |  22401 |      0 |   1802 |  16249 |  23 |  974.0 |
        Bazaar |    131 |    131 |      0 |      3 |      0 |   1 |  131.0 |
         Trove |     81 |     81 |      0 |      0 |      0 |   1 |   81.0 |
        Wizlab |    726 |    726 |      0 |    292 |    120 |   1 |  726.0 |
      Gauntlet |    505 |    505 |      0 |     79 |    287 |   1 |  505.0 |
               +--------+--------+--------+--------+--------+-----+--------+

Top non-repeatable levels by time:
Vaults:2: 2069 daAuts
   Geh:7: 1997 daAuts
 Crypt:2: 1856 daAuts
 Crypt:3: 1785 daAuts
Depths:2: 1562 daAuts
Vaults:3: 1553 daAuts
Vaults:5: 1546 daAuts
    D:15: 1523 daAuts
 Snake:4: 1465 daAuts
Shoals:4: 1404 daAuts
Vaults:1: 1395 daAuts
Depths:3: 1393 daAuts
    D:10: 1369 daAuts
  Lair:5: 1330 daAuts
   Elf:2: 1307 daAuts
